 Dungeon Crawl Stone Soup version 0.23-a0-808-gd21de94 (webtiles) character file.

14 pringlesdude the Ruffian (level 2, 29/29 HPs)
             Began as a Troll Monk on Jan 21, 2019.
             Got out of the dungeon alive.
             The game lasted 00:02:58 (440 turns).

pringlesdude the Ruffian (Troll Monk)                Turns: 440, Time: 00:02:58

Health: 29/29      AC:  6    Str: 18    XL:     2   Next: 27%
Magic:  1/1        EV: 10    Int:  6    God:
Gold:   43         SH:  0    Dex: 12    Spells: 1/1 levels left

rFire    . . .     SeeInvis .     - Unarmed
rCold    . . .     Gourm    +   (no shield)
rNeg     . . .     Faith    .   a - +0 robe
rPois    .         Spirit   .   (helmet restricted)
rElec    .         Reflect  .   (no cloak)
rCorr    .         Harm     .   (gloves unavailable)
MR       .....                  (boots unavailable)
Stlth    ++........             (no amulet)
HPRegen  0.49/turn              (no ring)
MPRegen  0.07/turn              (no ring)

@: no status effects
A: large, unfitting armour, claws 3, fast metabolism 3, gourmand, regeneration
1, shaggy fur 1, tough skin 3
a: no special abilities


You escaped.
You were very hungry.

You visited 1 branch of the dungeon, and saw 1 of its levels.

You collected 43 gold pieces.

Inventory:

Armour
 a - a +0 robe (worn)
Jewellery
 c - an uncursed amulet of the gourmand {unknown}
Scrolls
 f - a scroll of identify {unknown}
Potions
 d - a potion of mutation {unknown}
 e - a potion of agility {unknown}
Comestibles
 b - 4 rations


   Skills:
 + Level 2.5 Fighting
 + Level 2.6 Dodging
 + Level 1.0 Stealth
 + Level 3.4 Unarmed Combat


You had one spell level left.
You didn't know any spells.
Your spell library was empty.

Dungeon Overview and Level Annotations

Branches:
Dungeon (1/15)

Altars:


Innate Abilities, Weirdness & Mutations

You are too large for most types of armour.
You have claws for hands.
Your metabolism is lightning-fast.
You like to eat raw meat.
Your natural rate of healing is unusually fast.
You are covered in fur. (AC +1)
You have extremely tough skin. (AC +3)


Message History

You scratch the rat.
You kill the rat!
You are feeling very hungry.
You see here a rat corpse.
There is a staircase leading out of the dungeon here.
Unknown command.
You can't go down here!
Are you sure you want to leave the Dungeon?
This will make you lose the game! [Y]es or [N]o only, please.
Are you sure you want to leave the Dungeon?
This will make you lose the game!
Alright, then stay!
You can't go down here!
Are you sure you want to leave the Dungeon?
This will make you lose the game!
Uppercase [Y]es or [N]o only, please.
Are you sure you want to leave the Dungeon?
This will make you lose the game! [Y]es or [N]o only, please.
Are you sure you want to leave the Dungeon?
This will make you lose the game!
Uppercase [Y]es or [N]o only, please.
Are you sure you want to leave the Dungeon?
This will make you lose the game!
You have escaped!

......##.# ....#.##.##
)#†##..... ......##.#
##.#####.# ##.#.
##.......################......
########.....................#
## #.............÷..####### .##
#.##†.##>#@#..##.# ..##
#.....######.....#
...####.##.## ##.##.# ........
### ###..# ...####.##.##
##.##.# ..## #.....######...†.#
.## #.##..#.#>##..##.# ##
#........†.......# ###
##.######.########


There were no monsters in sight!

Vanquished Creatures
  A dart slug (D:1)
  2 goblins (D:1)
  2 hobgoblins (D:1)
  A ball python (D:1)
  2 bats (D:1)
  5 rats (D:1)
13 creatures vanquished.

Notes
Turn   | Place    | Note
-------+----------+-------------------------------------------
     0 | D:1      | pringlesdude the Troll Monk began the quest for the Orb.
     0 | D:1      | Reached XP level 1. HP: 22/22 MP: 0/0
   241 | D:1      | Reached XP level 2. HP: 27/29 MP: 1/1
   440 | D:$      | Got out of the dungeon alive.

Vault maps used:
D:1:      onia_arrival_handbag

Action                   || total
-------------------------++-------
Melee: Unarmed           ||    31
 Stab: Sleeping          ||     1
Armor: Robe              ||    12
Dodge: Dodged            ||    21

Table legend:
 A = Non-vault XP
 B = Vault XP
 C = Vault XP percentage of total XP
 D = Non-vault monster count
 E = Vault monster count
 F = Vault count percentage of total count
                 A         B        C        D         E       F
            +---------+---------+-------+---------+---------+-------
      Total |      16 |       4 |  20.0 |       9 |       4 |  30.8
            +---------+---------+-------+---------+---------+-------
        D:1 |      16 |       4 |  20.0 |       9 |       4 |  30.8
            +---------+---------+-------+---------+---------+-------
